 Dungeon Crawl Stone Soup version 0.31.0-32-g396128a36d (webtiles) character file.

Game seed: 230859470458343085

134 PaiMei the Grave Robber (level 4, -2/33 HPs)
             Began as a Demonspawn Necromancer on Apr 22, 2024.
             Killed from afar by an orc wizard (5 damage)
             ... with a magic dart
             ... on level 3 of the Dungeon.
             The game lasted 00:03:56 (3026 turns).

PaiMei the Grave Robber (Demonspawn Necromancer)    Turns: 3026, Time: 00:03:56

Health: -2/33      AC:  2    Str:  8    XL:     4   Next: 95%
Magic:  2/8        EV: 12    Int: 18    God:
Gold:   100        SH:  0    Dex: 13    Spells: 7/8 levels left

rFire   + . .        d - +0 mace
rCold   . . .        (no shield)
rNeg    . . .        a - +0 robe
rPois   .            (no helmet)
rElec   .            (no cloak)
rCorr   .            (no gloves)
SInv    .            (no boots)
Will    .....        (no amulet)
Stlth   ++           i - ring of protection from fire
HPRegen 0.25/turn    (no ring)
MPRegen 0.11/turn

%: no passive effects
@: no status effects
A: powered by pain 1
a: no special abilities


You were on level 3 of the Dungeon.
You visited 1 branch of the dungeon, and saw 3 of its levels.

You collected 100 gold pieces.

Inventory:

Hand Weapons
 c - a +0 club
 d - a +0 mace (weapon)
Armour
 a - a +0 robe (worn)
Jewellery
 i - a ring of protection from fire (left hand)
Scrolls
 f - 2 scrolls of teleportation {unknown}
 h - a scroll of fear {unknown}
 m - a scroll of torment {unknown}
 n - a scroll of identify {unknown}
Potions
 b - a potion of magic
 e - a potion of resistance {unknown}
 g - 3 potions of curing {unknown}
 j - a potion of heal wounds {unknown}
 k - a potion of might {unknown}
 l - a potion of enlightenment {unknown}


   Skills:
 + Level 1.6 Fighting
 + Level 2.7 Dodging
 - Level 2.2 Stealth
 + Level 2.8 Spellcasting
 + Level 5.1 Necromancy


You had 7 spell levels left.
You knew the following spells:

 Your Spells              Type           Power      Damage    Failure   Level
a - Necrotise             Necr           84%        1d8       1%          1

Your spell library contained the following spells:

 Spells                   Type           Power      Damage    Failure   Level
 Vampiric Draining        Necr           21%        2d7       6%          3
 Animate Dead             Necr           21%        N/A       21%         4
 Inner Flame              Hex/Fire       2%         N/A       45%         3
 Curse of Agony           Necr           21%        N/A       50%         5
 Flame Wave               Conj/Fire      2%         2d4       86%         4
 Sticky Flame             Fire/Alch      2%         2d4       86%         4


Dungeon Overview and Level Annotations

Branches:
Dungeon (3/15)

Altars:
Cheibriados

Shops:
D:2 =

Annotations:
D:3 Ijyb


Innate Abilities, Weirdness & Mutations

You sometimes gain a little power by taking damage.


Message History

The orc hits you with a +0 mace.
Casting: Necrotise (safe; 1% risk of failure)
Confirm with . or Enter, or press ? or * to list all spells.
Aiming: Necrotise (safe; 1% risk of failure)
Press: ? - help, Shift-Dir - straight line, f/p - orc
Aim: an orc, wielding a +0 mace and wearing a +0 ring mail (moderately wounded, chance to affect: 90%)
The orc writhes in agony!
You kill the orc!
The dead are walking!
You barely miss the orc. The orc closely misses you. Something hits you.
* * * LOW HITPOINT WARNING * * *
The orc closely misses you.
Casting: Necrotise (safe; 1% risk of failure)
Confirm with . or Enter, or press ? or * to list all spells.
Aiming: Necrotise (safe; 1% risk of failure)
Press: ? - help, Shift-Dir - straight line, f - orc
Aim: an orc, wielding a +0 hand axe and wearing a +1 leather armour of fire resistance (ally target, chance to affect: 90%)
The orc writhes in agony.
Something hits you.
* * * LOW HITPOINT WARNING * * *
The orc hits you with a +0 hand axe.
* * * LOW HITPOINT WARNING * * *
The orc hits your orc skeleton with a +0 hand axe.
Casting: Necrotise (safe; 1% risk of failure)
Confirm with . or Enter, or press ? or * to list all spells.
Aiming: Necrotise (safe; 1% risk of failure)
Press: ? - help, Shift-Dir - straight line, f/p - orc
Aim: an orc, wielding a +0 hand axe and wearing a +1 leather armour of fire resistance (moderately wounded, ally target, chance to affect: 90%)
The orc writhes in agony.
Something hits you but does no damage.
Your orc skeleton hits the orc.
The orc hits you but does no damage.
The orc hits your orc skeleton with a +0 hand axe.
Casting: Necrotise (safe; 1% risk of failure)
Confirm with . or Enter, or press ? or * to list all spells.
Aiming: Necrotise (safe; 1% risk of failure)
Press: ? - help, Shift-Dir - straight line, f/p - orc
Aim: an orc, wielding a +0 hand axe and wearing a +1 leather armour of fire resistance (heavily wounded, ally target, chance to affect: 90%)
The orc writhes in agony.
You hear some strange, mumbled words.
A magic dart appears from out of thin air!
The magic dart hits you.
You die...

##.###.#........
#......#....#...
#........#...###
#.#########.## #.# #.#
#.# #.# #.# ##+## ###.#
##...## #@o.# ##.....##
#{#Z### ##.......#
##.#####.....###.........
...............).).......
.#.#####.....###.>.......
#........# ##.......#
#.##.....# ##.....##
#.####...# ##...##
#.####...# ##'##


You could see an orc (ally target) and a friendly orc skeleton.

Vanquished Creatures
  Natasha (twice) (D:3)
  2 gnolls (D:2)
  2 adders
  5 orcs (D:3)
  3 bats
  4 endoplasms (D:1)
  2 giant cockroaches
  2 goblins
  6 hobgoblins
  4 kobolds
  A quokka (D:2)
  6 ball pythons
  A frilled lizard (D:1)
  2 rats
42 creatures vanquished.

Vanquished Creatures (collateral kills)
  A kobold (D:2)
1 creature vanquished.

Grand Total: 43 creatures vanquished

Notes
Turn   | Place    | Note
-------+----------+-------------------------------------------
     0 | D:1      | PaiMei the Demonspawn Necromancer began the quest for the
                  | Orb.
     0 | D:1      | Reached XP level 1. HP: 13/13 MP: 3/3
   472 | D:1      | Gained mutation: You sometimes gain a little power by
                  | taking damage. [demonic ancestry]
   472 | D:1      | Reached XP level 2. HP: 19/19 MP: 1/5
  1089 | D:1      | Found a faded altar of an unknown god.
  1340 | D:2      | Found Syck's Jewellery Shop.
  1437 | D:2      | Found a snail-covered altar of Cheibriados.
  1476 | D:2      | Reached XP level 3. HP: 11/24 MP: 1/6
  2250 | D:2      | Reached skill level 1 in Fighting
  2481 | D:3      | Noticed Ijyb
  2518 | D:3      | Noticed Natasha
  2522 | D:3      | Killed Natasha
  2523 | D:3      | Reached XP level 4. HP: 32/32 MP: 2/8
  2596 | D:3      | Noticed Natasha
  2599 | D:3      | Killed Natasha
  2600 | D:3      | Reached skill level 5 in Necromancy
  3026 | D:3      | Killed from afar by an orc wizard

Illustrated notes

Levels and vault maps discovered:
D:1:      lemuel_arrival_room, layout_loops_ring,
          dreamdust_ecumenical_altar_sealed_demon
D:2:      layout_rooms, basic_altar, serial_shops, nicolae_shop_gaudy_bauble,
          minmay_tiny_reverse_x
D:3:      layout_loops_corners, chequers_serial_rivers_micro_b,
          amcnicky_mini_corridor_feature, dk_noncrumbling_4,
          uniq_crazy_yiuf_cottage, uniq_ijyb, uniq_natasha

Skill      XL: |  1  2  3  4 |
---------------+-------------+-----
Stealth        | 2 |  2.2
Dodging        | 2 |  2.7
Fighting       | 1 |  1.6
Necromancy     | 5 |  5.1
Spellcasting   | |  2.8

Action                     |  1- 3 |  4- 6 || total
---------------------------+-------+-------++-------
  Melee: Unarmed           |    11 |       ||    11
         Mace              |     2 |     5 ||     7
         Punch             |     1 |       ||     1
   Cast: Necrotise         |    76 |    25 ||   101
   Stab: Distracted        |       |     1 ||     1
 Armour: Robe              |    24 |    13 ||    37
  Dodge: Dodged            |    36 |     5 ||    41
